 Dungeon Crawl Stone Soup version 0.31-a0-128-g25add195a6 (webtiles) character file.

Game seed: 14021741227295641514

11 xian the Trooper (level 2, -2/24 HPs)
             Began as a Demonspawn Monk on June 2, 2023.
             Slain by a kobold
             ... wielding a +1 whip of electrocution
              (3 damage)
             ... on level 1 of the Dungeon.
             The game lasted 00:00:29 (135 turns).

xian the Trooper (Demonspawn Monk)                   Turns: 135, Time: 00:00:30

Health: -2/24      AC:  8    Str: 11    XL:     2   Next: 13%
Magic:  2/2        EV:  6    Int: 11    God:
Gold:   0          SH:  0    Dex: 17    Spells: 1/1 levels left

rFire   . . .        a - +0 hand axe
rCold   . . .        d - orb {light}
rNeg    . . .        e - +0 chain mail
rPois   .            (no helmet)
rElec   .            (no cloak)
rCorr   .            (no gloves)
SInv    .            (no boots)
Will    .....        (no amulet) Stlth
                     (no ring)
HPRegen 0.24/turn    (no ring)
MPRegen 0.08/turn

%: no passive effects
@: glowing
A: thin skeletal structure 1
a: no special abilities


You were on level 1 of the Dungeon.
You visited 1 branch of the dungeon, and saw 1 of its levels.

Inventory:

Hand Weapons
 a - a +0 hand axe (weapon)
Armour
 b - a +0 robe
 d - an orb of light (worn)
 e - a +0 chain mail (worn)
Potions
 c - a potion of ambrosia


   Skills:
 + Level 3.2 Fighting
 + Level 3.0 Axes
 + Level 2.8 Dodging


You had one spell level left.
You didn't know any spells.
Your spell library was empty.

Dungeon Overview and Level Annotations

Branches:
Dungeon (1/15)

Altars:


Innate Abilities, Weirdness & Mutations

You have a somewhat thin skeletal structure. (Dex +2, Stealth+)


Message History

Found a stone staircase leading down.
The ball python bites you. The ball python grabs you.
The ball python constricts you.
You hit the ball python.
You kill the ball python!
You have reached level 2!
Your demonic ancestry asserts itself...
Your bones become slightly less dense.
The endoplasm hits you but does no damage.
You hit the endoplasm.
You kill the endoplasm!
A kobold comes into view. It is wielding a +0 dagger.
The kobold shouts!
A kobold is nearby!
A kobold is nearby!
You hit the kobold.
The kobold is heavily wounded.
The kobold hits you but does no damage. x2
You completely miss the kobold.
The kobold is heavily wounded.
The kobold hits you with a +0 dagger.
A kobold comes into view.
It is wielding a +1 whip of electrocution.
The kobold shouts!
You hit the kobold.
You kill the kobold!
Your Axes skill increases to level 3!
Things that are here:
a +0 dagger; a kobold corpse The kobold barely misses you.
The kobold attacks as you move away! The kobold hits you but does no damage.
You completely miss the kobold. The kobold hits you but does no damage.
You hit the kobold.
The kobold is moderately wounded.
The kobold hits you with a +1 whip of electrocution.
You are electrocuted!!
Ouch! That really hurt!
* * * LOW HITPOINT WARNING * * *
You hit the kobold.
The kobold is severely wounded.
The kobold hits you with a +1 whip of electrocution.
You die...

#.# #.# #.#
####.# ..#.# #
#.#.#.#
#.######.#.#.#
# #...@K.)....#
.#
#.######.#.###
.#
#.>..#######.##
#..............
#..............
#.....##...####
##...###...#
##### #...####
#.......


You could see a kobold.

Vanquished Creatures
  A bat (D:1)
  An endoplasm (D:1)
  A giant cockroach (D:1)
  3 jackals (D:1)
  A kobold (D:1)
  A ball python (D:1)
  A rat (D:1)
9 creatures vanquished.

Notes
Turn   | Place    | Note
-------+----------+-------------------------------------------
     0 | D:1      | xian the Demonspawn Monk began the quest for the Orb.
     0 | D:1      | Reached XP level 1. HP: 18/18 MP: 1/1
   114 | D:1      | Gained mutation: You have a somewhat thin skeletal
                  | structure. (Dex +2, Stealth+) [demonic ancestry]
   114 | D:1      | Reached XP level 2. HP: 22/24 MP: 2/2
   134 | D:1      | HP: 1/24 [kobold/+1 whip of electrocution (19)]
   135 | D:1      | Slain by a kobold

Illustrated notes

Levels and vault maps discovered:
D:1:      saegor_arrival_miasma, layout_loops_ring

Skill      XL: |  1  2 |
---------------+-------+-----
Axes           | 3 |  3.0
Fighting       | |  3.2
Dodging        | |  2.8

Action                     || total
---------------------------++-------
  Melee: Hand axe          ||    30
 Armour: Chain mail        ||    18
         Robe              ||    10
  Dodge: Dodged            ||    17

Table legend: (Time is in decaauts)
 A = Elapsed time spent in this place.
 B = Non-inter-level travel time spent in this place.
 C = Inter-level travel time spent in this place.
 D = Time resting spent in this place.
 E = Time spent auto-exploring this place.
 F = Levels seen in this place.
 G = Mean time per level.
                   A        B        C        D        E       F      G
               +--------+--------+--------+--------+--------+-----+--------+
         Total |    139 |    139 |      0 |      0 |     43 |   1 |  139.0 |
       Dungeon |    139 |    139 |      0 |      0 |     43 |   1 |  139.0 |
               +--------+--------+--------+--------+--------+-----+--------+

Top non-repeatable levels by time:
     D:1: 139 daAuts
